 Dungeon Crawl Stone Soup version 0.22.1-1-ga44c0e56f4 (webtiles) character file.

504 Masnef the Summoner (level 7, -5/38 HPs)
             Began as a Tengu Summoner on Nov 10, 2018.
             Shot with an arrow by a centaur (15 damage)
             ... on level 5 of the Dungeon.
             The game lasted 00:16:05 (5571 turns).

Masnef the Summoner (Tengu Summoner)                Turns: 5571, Time: 00:16:05

Health: -5/38      AC:  4    Str:  9    XL:     7   Next: 17%
Magic:  7/12       EV: 13    Int: 21    God:
Gold:   191        SH:  0    Dex: 14    Spells: 2/11 levels left

rFire    + . .     SeeInvis .   n - +0 trident
rCold    x . .     Gourm    .   (no shield)
rNeg     . . .     Faith    .   a - +1 robe
rPois    .         Spirit   .   (helmet restricted)
rElec    .         Reflect  .   (no cloak)
rCorr    .         Harm     .   p - +0 pair of gloves
MR       .....                  (boots unavailable)
Stlth    ++........             (no amulet)
HPRegen  0.12/turn              m - +4 ring of intelligence
MPRegen  0.13/turn              s - ring of fire

@: no status effects
A: beak, talons 3, able to fly 1
a: Fly


You were on level 5 of the Dungeon.
You were very hungry.

You visited 1 branch of the dungeon, and saw 5 of its levels.

You collected 191 gold pieces.

Inventory:

Hand Weapons
 b - a -2 club
 j - a +1 dagger of venom
 n - a +0 trident (weapon)
Missiles
 l - 8 poisoned javelins (quivered)
Armour
 a - a +1 robe (worn)
 p - a +0 pair of gloves (worn)
Jewellery
 m - a +4 ring of intelligence (left hand)
 s - a ring of fire (right hand)
Wands
 t - a wand of iceblast (7)
Scrolls
 h - 2 scrolls of identify
 k - 2 scrolls of remove curse
 o - a scroll of teleportation
Potions
 d - 3 potions of might
 e - a potion of degeneration
 f - a potion of invisibility
 g - 2 potions of resistance
 i - 2 potions of heal wounds
 q - a potion of agility {unknown}
 r - a potion of curing {unknown}
 u - a potion of brilliance {unknown}
 v - a potion of mutation {unknown}
 x - a potion of flight {unknown}
Comestibles
 c - 10 rations


   Skills:
 + Level 1.2 Fighting
 - Level 1.1 Maces & Flails
 + Level 3.4 Dodging
 - Level 2.0 Stealth
 + Level 2.9 Spellcasting
 + Level 8.4 Summonings
 * Level 1.2 Ice Magic


You had 2 spell levels left.
You knew the following spells:

 Your Spells              Type           Power        Failure   Level  Hunger
a - Summon Ice Beast      Ice/Summ       ###.....     19%         4    ####...
b - Call Imp              Summ           #####...     1%          2    ##.....
c - Call Canine Familiar  Summ           #####...     1%          3    ###....

Your spell library contained the following spells:

 Spells                   Type           Power        Failure   Level  Hunger
 Summon Small Mammal      Summ           ####         1%          1    None
 Summon Guardian Golem    Hex/Summ       ###.....     7%          3    ###....
 Summon Lightning Spire   Summ/Air       ###.....     24%         4    ####...


Dungeon Overview and Level Annotations

Branches:
Dungeon (5/15)
 Temple: D:4-7

Altars:
Fedhas
Xom

Shops:
D:4 [


Innate Abilities, Weirdness & Mutations

You have a beak for a mouth.
You have claws for feet.
You can fly.


Message History

You are feeling very hungry.
The centaur shouts!
The centaur wields a shortbow.
The centaur shoots an arrow.
The arrow hits you!
There is an open door, spattered with blood here.
You see here an arrow.
You close the door, pushing everything out of the way.
Found an escape hatch in the floor.
The centaur shoots an arrow.
The arrow hits you!
You see here an arrow.
Okay, then.
Casting: Call Imp (safe; 1% risk of failure)
Confirm with . or Enter, or press ? or * to list all spells.
A beastly little devil appears in a puff of flame.
The centaur shoots an arrow.
The arrow hits you.
Casting: Call Imp (safe; 1% risk of failure)
Confirm with . or Enter, or press ? or * to list all spells.
The centaur shoots an arrow.
The arrow hits you!
* * * LOW HITPOINT WARNING * * *
The centaur shoots an arrow.
The arrow hits you!
You die...

..........'.........'......
..........#....##..###....#
#+######+#############....#
.. #.........#...... ..
#.........#...... #.
#######..###....#
.##$>###...###..###....#
.....5h.................
.......@................
.##+###..####c########..
#..#........... ##
....#...<.......
......#......#....
#.###+##......P P.. #
......PP. .. #...#.PPcPP #
#.....PPP.


You could see a centaur, a friendly hound and a friendly crimson imp.

Vanquished Creatures
  A black bear (D:4)
  2 howler monkeys
  A centaur skeleton (D:4)
  An adder (D:5)
  An adder zombie (D:3)
  A worm (D:4)
  A dart slug (D:1)
  3 leopard geckos
  3 orcs (D:3)
  A ball python (D:2)
  2 giant cockroaches
  5 goblins
  5 hobgoblins
  3 jackals
  5 kobolds
  2 quokkas
  5 bats
  4 frilled lizards
  A quokka skeleton (D:4)
  A quokka zombie (D:5)
  7 rats
55 creatures vanquished.

Vanquished Creatures (collateral kills)
  An ogre (D:5)
  2 howler monkeys (D:4)
  A crimson imp (D:5)
  2 hounds (D:4)
  2 orc priests (D:4)
  2 orc wizards (D:4)
  Jessica (D:3)
  A worker ant (D:4)
  A hound skeleton (D:5)
  4 adders
  An adder skeleton (D:4)
  2 worms
  A leopard gecko (D:3)
  10 orcs
  A giant cockroach (D:4)
  5 hobgoblins (D:2)
  5 jackals
  2 quokkas
  A frilled lizard (D:2)
  2 kobolds (D:2)
47 creatures vanquished.

Grand Total: 102 creatures vanquished

Notes
Turn   | Place    | Note
-------+----------+-------------------------------------------
     0 | D:1      | Masnef the Tengu Summoner began the quest for the Orb.
     0 | D:1      | Reached XP level 1. HP: 10/10 MP: 4/4
    25 | D:1      | Reached skill level 5 in Summonings
    42 | D:1      | Reached XP level 2. HP: 1/15 MP: 6/6
   384 | D:1      | Learned a level 2 spell: Call Imp
  1172 | D:1      | Reached XP level 3. HP: 17/19 MP: 7/7
  1177 | D:1      | Learned a level 3 spell: Call Canine Familiar
  1627 | D:2      | Reached skill level 6 in Summonings
  2059 | D:2      | Reached skill level 1 in Maces & Flails
  2169 | D:2      | Found a shimmering altar of Xom.
  2764 | D:3      | Reached XP level 4. HP: 7/24 MP: 4/8
  3939 | D:3      | Noticed Jessica
  3979 | D:3      | Killed Jessica
  4110 | D:4      | Reached skill level 7 in Summonings
  4110 | D:4      | Gained mutation: You can fly. [Tengu growth]
  4110 | D:4      | Reached XP level 5. HP: 11/28 MP: 3/9
  4368 | D:4      | Reached XP level 6. HP: 21/33 MP: 5/10
  4381 | D:4      | Learned a level 4 spell: Summon Ice Beast
  4496 | D:4      | Found Seownesch's Antique Armour Emporium.
  4712 | D:4      | Reached skill level 8 in Summonings
  4797 | D:4      | Noticed a black bear
  4804 | D:4      | Killed a black bear
  4804 | D:4      | Reached skill level 1 in Fighting
  5120 | D:5      | Entered Level 5 of the Dungeon
  5134 | D:5      | Reached skill level 1 in Ice Magic
  5165 | D:5      | Reached XP level 7. HP: 28/38 MP: 8/12
  5560 | D:5      | Found a blossoming altar of Fedhas.
  5571 | D:5      | Shot with an arrow by a centaur

Skill      XL: |  1  2  3  4  5  6 |
---------------+-------------------+-----
Summonings     | 5 6 7 8 |  8.4
Maces & Flails | 1 |  1.1
Dodging        | 3 |  3.4
Fighting       | 1 |  1.2
Ice Magic      | 1 |  1.2
Stealth        | |  2.0
Spellcasting   | |  2.9

Action                   |  1- 3 |  4- 6 |  7- 9 || total
-------------------------+-------+-------+-------++-------
Melee: Unarmed           |    22 |       |       ||    22
       Kick              |    21 |    17 |     4 ||    42
       Peck              |    19 |     8 |     2 ||    29
       Club              |    96 |    10 |       ||   106
       Trident           |       |    78 |    23 ||   101
Throw: Javelin           |       |     1 |       ||     1
 Cast: Summon Small Mamm |     1 |       |       ||     1
       Call Imp          |    11 |    20 |     3 ||    34
       Call Canine Famil |     2 |    13 |     1 ||    16
  Use: Scroll            |     6 |     7 |       ||    13
 Stab: Sleeping          |     7 |     2 |       ||     9
  Eat: Chunk             |     5 |     9 |       ||    14
       Ration            |     1 |       |       ||     1
Armor: Robe              |    18 |    25 |     5 ||    48
Dodge: Dodged            |   104 |    72 |    18 ||   194
